 Dungeon Sprint DCSS version 0.31-a0-83-gbff143cfd1 (webtiles) character file.

Game seed: 14081081937666121069

71522 rocky1 the Hoplite (level 15, -3/141 HPs)
             Began as a Formicid Fighter on May 25, 2023.
             Was the Champion of Cheibriados.
             Killed by divine providence
             ... invoked by a balrug
              (12 damage)
             ... in the Dungeon (Sprint VII: "The Pits").
             The game lasted 00:20:07 (5398 turns).

rocky1 the Hoplite (Formicid Fighter)               Turns: 5398, Time: 00:20:07

Health: -3/141     AC: 25    Str: 46    XL:     15   Next: 82%
Magic:  13/27      EV: 14    Int: 23    God:    Cheibriados [******]
Gold:   15         SH: 27    Dex: 28    Spells: 14/14 levels left

rFire   + . .        a - +8 trishula "Condemnation" {holy, anguish, *Noise Fly rN+}
rCold   + . .        M - +0 tower shield
rNeg    + + +        n - +5 gold dragon scales
rPois   +            (helmet unavailable)
rElec   .            E - +2 cloak of Yesterday {rF- rN++ Str+3 Stlth+}
rCorr   .            c - +1 pair of gloves
SInv    +            D - +1 pair of boots
Will    ++...        (no amulet) Stlth
                     H - ring of protection from fire
HPRegen 0.43/turn    z - ring of willpower
MPRegen 0.20/turn

%: no passive effects
@: corroded, flying, glowing, very slow
A: permanent stasis, dig shafts and tunnels, antennae 3, four strong arms
a: Dig, Renounce Religion, Bend Time, Temporal Distortion, Slouch, Step From
Time


You were in the Dungeon.
You worshipped Cheibriados.
Cheibriados was exalted by your worship.
You visited 1 branch You collected 15 gold pieces.

Inventory:

Hand Weapons
 a - the +8 trishula "Condemnation" (weapon) {holy, anguish, *Noise Fly rN+}
   (You found it in the Dungeon)

   rN:        It protects you from negative energy.
   Fly:       It grants you flight.
   *Noise:    It may make noises in combat.
 b - the +8 storm bow {elec, penet}
   (You found it in the Dungeon)
 p - a +1 executioner's axe
 L - a +1 arbalest of freezing
Missiles
 o - 2 throwing nets
 I - a curare-tipped dart
 J - 10 javelins
Armour
 c - a +1 pair of gloves (worn)
 n - +5 gold dragon scales (worn)
 D - a +1 pair of boots (worn)
 E - the +2 cloak of Yesterday (worn) {rF- rN++ Str+3 Stlth+}
   (You found it in the Dungeon)

   Str:       It affects your strength (+3).
   rF:        It makes you vulnerable to fire.
   rN:        It greatly protects you from negative energy.
   Stlth:     It makes you more stealthy.
 M - a +0 tower shield (worn)
Jewellery
 i - a +6 ring of strength
 v - a ring of poison resistance
 z - a ring of willpower (right hand)
 H - a ring of protection from fire (left hand)
Wands
 C - a wand of roots (7)
 F - a wand of mindburst (2)
Scrolls
 h - a scroll of blinking
 j - 5 scrolls of amnesia
 k - a scroll of summoning
 t - 5 scrolls of enchant weapon
 w - a scroll of fear
 x - 4 scrolls of enchant armour
 y - a scroll of fog
 A - a scroll of identify
Potions
 d - a potion of might
 e - 10 potions of curing
 f - 10 potions of heal wounds
 g - 3 potions of magic
 l - a potion of mutation
 m - a potion of brilliance


   Skills:
 + Level 20.0 Fighting
 - Level 20.8 Polearms
 * Level 17.0 Ranged Weapons
 + Level 20.5 Armour
 - Level 6.3 Dodging
 - Level 1.3 Stealth
 + Level 23.2 Shields
 - Level 17.3 Invocations


You had 14 spell levels left.
You didn't know any spells.
Your spell library contained the following spells:

 Spells                   Type           Power      Damage    Failure   Level
 Sandblast                Erth           0%         2d4       63%         1
 Passwall                 Tmut/Erth      0%         N/A       77%         2
 Hailstorm                Conj/Ice       0%         3d3       94%         3
 Stone Arrow              Conj/Erth      0%         3d7       94%         3
 Arcjolt                  Conj/Air       0%         1d10      100%        5
 Irradiate                Conj/Tmut      0%         3d11      100%        5


Dungeon Overview and Level Annotations

Branches:
Dungeon (1/1)

Altars:
Ashenzari
Cheibriados
Dithmenos
Elyvilon
Fedhas
Gozag
Hepliaklqana
Kikubaaqudgha
Makhleb
Nemelex Xobeh
Okawaru
Qazlal
Ru
Sif Muna
Trog
Uskayaw
Vehumet
Wu Jian
Xom
Yredelemnul
Zin
The Shining One
Jiyva
Lugonu


Innate Abilities, Weirdness & Mutations

You cannot be hasted, slowed, berserked, paralysed or teleported.
You can dig through walls and to a lower floor.
You have a pair of large antennae on your head. (SInv)
Your four strong arms can wield two-handed weapons with a shield.


Message History

* * * LOW HITPOINT WARNING * * *
Activating: Slouch (0% risk of failure)
Press: ? - help, Dir - look around, f - activate You can feel time thicken for a moment.
The balrug shouts!
The acid blob spits acid at you. The splash of acid hits you!
* * * LOW HITPOINT WARNING * * *
The acid corrodes you!
A sphinx comes into view.
Nikola casts a spell.
Lightning arcs from Nikola's hands!
The bolt of lightning hits the acid blob!!!!
The acid blob dies!
A bolt of lightning appears from out of thin air!
The bolt of lightning hits Nikola!
The bolt of lightning hits you!!
* * * LOW HITPOINT WARNING * * *
The bolt of lightning hits the ophan!!!
The bolt of lightning hits the purple draconian!!
The bolt of lightning hits the apis.
The bolt of lightning hits the sphinx!
The sphinx shouts!
The bolt of lightning hits the balrug!
You feel a bit more experienced.
Nikola is wracked by anguish!!!!!
Nikola dies!
Cheibriados appreciates the change of pace.
A balrug comes into view.
It is wielding a +0 vampiric demon whip.
Your Fighting skill increases to level 20!
Your Ranged Weapons skill increases to level 17!
Your Shields skill increases to level 23!
You feel much better.
The balrug shouts!
The ophan calls forth blessed flames!
Blessed fire suddenly surrounds you!
The purple draconian breathes dispelling energy at you.
The bolt of dispelling energy hits you!!
Your magical effects are unravelling.
* * * LOW HITPOINT WARNING * * *
The balrug gestures at you. Something smites you!
You die...

#.#..........##.. 2H .#
...##........#... .Y###.
.....###....##...
###......{......#####..#.
....d....#.......÷).÷....
.......##.##...)).#)).##.
......)..#.......))......
#....§§§...)..#####..#.
{.###.§@§...###....##...
.....G##§§.##........#...
p.......#.#..........##..
...............s......#..
#########################
########### {{
........... { ...........
###############..


You could see an apis, an emperor scorpion (fleeing), a purple draconian
(catching breath), an ophan, a sphinx and a balrug.

Vanquished Creatures
  Mara (D)
  A profane servitor (D)
  Rupert (D)
  Polyphemus (D)
  A death cob (D)
  A shadow dragon (D)
  2 nagarajas (D)
  A balrug (D)
  2 ghost moths (D)
  2 frost giants (D)
  3 orc warlords (D)
  A stone giant (D)
  A spriggan defender (D)
  A green draconian (D)
  A dire elephant (D)
  2 minotaurs (D)
  A white draconian (D)
  An ettin (D)
  Snorg (D)
  A mummy priest (D)
  A great orb of eyes (D)
  Josephine (D)
  2 ice dragons (D)
  A catoblepas (D)
  A vault guard (D)
  2 anacondas (D)
  6 death yaks (D)
  3 hell hogs (D)
  A naga warrior (D)
  An orc high priest (D)
  6 deep elf knights (D)
  2 fire crabs (D)
  2 deep trolls (D)
  A flayed ghost (D)
  A sea snake (D)
  A spriggan druid (D)
  13 orc knights (D)
  2 phantasmal warriors (D)
  A wolf spider (D)
  A deep elf zephyrmancer (D)
  2 orc sorcerers (D)
  2 deep elf pyromancers (D)
  A manticore (D)
  3 elephants (D)
  A moth of wrath (D)
  3 kobold demonologists (D)
  A komodo dragon (shapeshifter) (D)
  A yaktaur (D)
  3 ice devils (D)
  A guardian mummy (D)
  A troll (D)
  A red devil (D)
  A merfolk (D)
  A wandering mushroom (D)
  3 tyrant leeches (D)
  4 tarantellas (D)
  2 wind drakes (D)
  A hornet (D)
  2 snapping turtles (D)
  A jumping spider (D)
  A flying skull (D)
  A ynoxinul (D)
  A spriggan (D)
  3 water elementals (D)
  7 wraiths (D)
  A fire elemental (D)
  A vampire (D)
  2 redbacks (D)
  2 chaos spawn (D)
  A neqoxec (D)
  3 vampire mosquitoes (D)
  Menkaure (D)
  3 wargs (D)
  An acid dragon (D)
  A water moccasin (D)
  8 floating eyes (D)
  A sky beast (D)
  An ice beast (D)
  2 black bears (D)
  10 orc warriors (D)
  6 wolves (D)
  A kobold brigand (D)
  A gnoll sergeant (D)
  A scorpion (D)
  5 wights (D)
  A small abomination (D)
  3 killer bees (D)
  2 crimson imps (D)
  2 quasits (D)
  2 jellies (D)
  An orc priest (D)
  A hell rat (D)
  5 gnolls (D)
  An ufetubus (D)
  11 orcs (D)
  2 ball pythons (D)
  A bat zombie (D)
  A hobgoblin (D)
  4 jackals (D)
  A ball python simulacrum (D)
  A ball python zombie (D)
  2 bat simulacra (D)
  A frilled lizard (D)
  A giant cockroach zombie (D)
  3 kobolds (D)
221 creatures vanquished.

Vanquished Creatures (others)
  Nikola (D)
  A deep elf blademaster (D)
  An acid blob (D)
  A nagaraja (D)
  A minotaur (D)
  A vault guard (D)
  A deep elf zephyrmancer (D)
7 creatures vanquished.

Grand Total: 228 creatures vanquished

Notes
Turn   | Place    | Note
-------+----------+-------------------------------------------
     0 | D        | rocky1 the Formicid Fighter began the quest for the Orb.
     0 | D        | Reached XP level 1. HP: 18/18 MP: 1/1
    27 | D        | Found a bloodstained altar of Trog.
    27 | D        | Found a shimmering blue altar of Sif Muna.
    27 | D        | Found a viscous altar of Jiyva.
    27 | D        | Found a hazy altar of Hepliaklqana.
    27 | D        | Found an opulent altar of Gozag.
    28 | D        | Found a glowing golden altar of the Shining One.
    28 | D        | Found a glowing silver altar of Zin.
    28 | D        | Found a basalt altar of Yredelemnul.
    28 | D        | Found a shimmering altar of Xom.
    28 | D        | Found an ornate altar of the Wu Jian Council.
    28 | D        | Found a sacrificial altar of Ru.
    28 | D        | Found a stormy altar of Qazlal.
    28 | D        | Found an iron altar of Okawaru.
    28 | D        | Found a sparkling altar of Nemelex Xobeh.
    28 | D        | Found a burning altar of Makhleb.
    28 | D        | Found a blossoming altar of Fedhas.
    28 | D        | Found a white marble altar of Elyvilon.
    28 | D        | Found a shadowy altar of Dithmenos.
    28 | D        | Found a snail-covered altar of Cheibriados.
    31 | D        | Found a corrupted altar of Lugonu.
    31 | D        | Found a radiant altar of Vehumet.
    32 | D        | Found an ancient bone altar of Kikubaaqudgha.
    32 | D        | Found a hide-covered altar of Uskayaw.
    32 | D        | Found a broken altar of Ashenzari.
    39 | D        | Became a worshipper of Cheibriados the Contemplative
    86 | D        | Reached skill level 1 in Invocations
    86 | D        | Reached XP level 2. HP: 25/25 MP: 2/2
   112 | D        | Reached * piety under Cheibriados
   117 | D        | Reached ** piety under Cheibriados
   223 | D        | Noticed a floating eye
   224 | D        | Noticed a floating eye
   229 | D        | Reached skill level 5 in Shields
   230 | D        | Killed a floating eye
   230 | D        | Reached *** piety under Cheibriados
   231 | D        | Reached skill level 5 in Fighting
   231 | D        | Reached skill level 5 in Armour
   231 | D        | Reached skill level 1 in Dodging
   231 | D        | Reached skill level 7 in Shields
   231 | D        | Reached XP level 3. HP: 32/33 MP: 3/6
   231 | D        | Reached XP level 4. HP: 38/39 MP: 3/7
   231 | D        | Reached XP level 5. HP: 43/44 MP: 3/8
   233 | D        | Reached **** piety under Cheibriados
   235 | D        | Killed a floating eye
   236 | D        | Reached skill level 5 in Polearms
   236 | D        | Reached skill level 8 in Shields
   236 | D        | Reached skill level 5 in Invocations
   236 | D        | Reached XP level 6. HP: 53/53 MP: 3/10
   347 | D        | Noticed a wolf
   347 | D        | Noticed a warg
   347 | D        | Noticed a warg
   349 | D        | Noticed a flying skull
   351 | D        | Killed a warg
   351 | D        | Killed a wolf
   351 | D        | Reached ***** piety under Cheibriados
   352 | D        | Reached skill level 9 in Shields
   352 | D        | Reached XP level 7. HP: 54/60 MP: 5/12
   354 | D        | Killed a warg
   355 | D        | Reached skill level 10 in Shields
   360 | D        | Killed a flying skull
   361 | D        | Reached XP level 8. HP: 44/68 MP: 7/14
   654 | D        | Noticed an orc sorcerer
   657 | D        | Killed an orc sorcerer
   658 | D        | Reached skill level 10 in Polearms
   658 | D        | Reached skill level 11 in Shields
   867 | D        | Reached ****** piety under Cheibriados
   873 | D        | Reached XP level 9. HP: 75/75 MP: 15/15
   983 | D        | Noticed an elephant
   997 | D        | Killed an elephant
   999 | D        | Reached skill level 12 in Shields
   999 | D        | Reached skill level 10 in Invocations
  1164 | D        | Noticed a deep troll
  1179 | D        | Killed a deep troll
  1180 | D        | Reached XP level 10. HP: 59/83 MP: 17/17
  1399 | D        | Noticed a deep troll
  1411 | D        | Killed a deep troll
  1412 | D        | Reached skill level 10 in Armour
  1443 | D        | Reached skill level 10 in Fighting
  1443 | D        | Reached skill level 13 in Shields
  1445 | D        | Noticed an orc high priest
  1455 | D        | Killed an orc high priest
  1456 | D        | Reached skill level 15 in Polearms
  1586 | D        | Reached XP level 11. HP: 49/92 MP: 18/18
  1775 | D        | Noticed an orc knight
  1776 | D        | Noticed a flayed ghost
  1779 | D        | Noticed Menkaure
  1780 | D        | Killed an orc knight
  1781 | D        | Reached skill level 5 in Dodging
  1781 | D        | Reached skill level 14 in Shields
  1783 | D        | Killed a flayed ghost
  1790 | D        | Killed Menkaure
  1792 | D        | Noticed a phantasmal warrior
  1801 | D        | Killed a phantasmal warrior
  1965 | D        | Noticed a deep elf pyromancer
  1968 | D        | Reached skill level 15 in Shields
  1968 | D        | Killed a deep elf pyromancer
  2149 | D        | Noticed an orc knight
  2164 | D        | Killed an orc knight
  2255 | D        | Reached XP level 12. HP: 103/103 MP: 20/20
  2390 | D        | Found the +8 trishula "Condemnation" {holy, anguish, *Noise
                  | Fly rN+}
  2390 | D        | Noticed an ice dragon
  2390 | D        | Noticed a nagaraja
  2396 | D        | Killed an ice dragon
  2398 | D        | Killed a nagaraja
  2399 | D        | Reached skill level 16 in Shields
  2587 | D        | Got the +2 cloak of Yesterday {rF- rN++ Str+3 Stlth+}
  2608 | D        | Noticed a ghost moth
  2617 | D        | Killed a ghost moth
  2765 | D        | Noticed a fire crab
  2768 | D        | Noticed a sea snake
  2772 | D        | Killed a fire crab
  2780 | D        | Killed a sea snake
  2923 | D        | Noticed a deep elf knight
  2927 | D        | Noticed a stone giant
  2928 | D        | Killed a deep elf knight
  2933 | D        | Reached skill level 17 in Shields
  2936 | D        | Killed a stone giant
  2937 | D        | Noticed a deep elf knight
  2942 | D        | Reached skill level 15 in Armour
  2945 | D        | Reached XP level 13. HP: 72/112 MP: 18/23
  2945 | D        | Noticed Snorg
  2959 | D        | Killed Snorg
  2960 | D        | Reached skill level 15 in Invocations
  2991 | D        | Noticed a profane servitor
  3003 | D        | Killed a profane servitor
  3129 | D        | Noticed a minotaur
  3134 | D        | Killed a minotaur
  3151 | D        | Reached skill level 18 in Shields
  3218 | D        | Noticed Josephine
  3221 | D        | Killed Josephine
  3222 | D        | Reached skill level 15 in Fighting
  3316 | D        | Noticed Rupert
  3323 | D        | Noticed a green draconian
  3330 | D        | Killed Rupert
  3331 | D        | Reached skill level 1 in Stealth
  3338 | D        | Killed a green draconian
  3633 | D        | Got Cuasosti's Octavo of Damage
  3738 | D        | Noticed a balrug
  3738 | D        | Noticed an anaconda
  3740 | D        | Noticed an orc warlord
  3742 | D        | Killed an anaconda
  3743 | D        | Reached skill level 1 in Ranged Weapons
  3744 | D        | Killed a balrug
  3756 | D        | Noticed an orc warlord
  3756 | D        | Noticed a vault guard
  3758 | D        | Reached XP level 14. HP: 95/125 MP: 26/26
  3764 | D        | Killed an orc warlord
  3772 | D        | Reached skill level 5 in Ranged Weapons
  3779 | D        | Reached skill level 19 in Shields
  3785 | D        | Killed an orc warlord
  4024 | D        | Noticed a dire elephant
  4031 | D        | Killed a dire elephant
  4519 | D        | Noticed a frost giant
  4519 | D        | Noticed a deep elf blademaster
  4527 | D        | Killed a deep elf blademaster
  4534 | D        | Killed a frost giant
  4535 | D        | Reached skill level 20 in Shields
  4538 | D        | Reached skill level 10 in Ranged Weapons
  4545 | D        | Found the +8 storm bow {elec, penet}
  4949 | D        | Noticed Polyphemus
  4949 | D        | Noticed a minotaur
  4953 | D        | Noticed Mara
  4953 | D        | Noticed a white draconian
  4957 | D        | Noticed a shadow dragon
  4963 | D        | Killed a minotaur
  4972 | D        | Noticed a nagaraja
  4973 | D        | Noticed a frost giant
  4974 | D        | Killed Polyphemus
  4977 | D        | Killed a white draconian
  4978 | D        | Reached skill level 21 in Shields
  4980 | D        | Killed a shadow dragon
  4981 | D        | Reached XP level 15. HP: 42/136 MP: 4/27
  4984 | D        | Killed a frost giant
  4984 | D        | Killed a nagaraja
  4987 | D        | Noticed rocky1's illusion
  5000 | D        | Killed Mara
  5001 | D        | Reached skill level 22 in Shields
  5011 | D        | Reached skill level 15 in Ranged Weapons
  5029 | D        | Noticed a death cob
  5035 | D        | Killed a death cob
  5036 | D        | Noticed a ghost moth
  5037 | D        | Noticed a nagaraja
  5041 | D        | Killed a ghost moth
  5041 | D        | Noticed an orc warlord
  5060 | D        | Killed an orc warlord
  5069 | D        | Killed a nagaraja
  5383 | D        | Noticed an acid blob
  5385 | D        | Noticed an emperor scorpion
  5385 | D        | Noticed a spriggan defender
  5385 | D        | Noticed Nikola
  5392 | D        | Killed a spriggan defender
  5396 | D        | Noticed a balrug
  5397 | D        | Noticed a sphinx
  5397 | D        | Killed an acid blob
  5397 | D        | Killed Nikola
  5397 | D        | Noticed a balrug
  5398 | D        | Reached skill level 23 in Shields
  5398 | D        | Killed from afar by a balrug

Illustrated notes

Levels and vault maps discovered:
D:        pitsprint [storerooms_1, entrance_room_1, metal_vault_1, armoury_1,
          mini_pit_1, grid_room_1, main_hall_1, silver_pit, the_coven_1,
          the_vestibule_1, steel_vault_2, golden_pit, hallway_of_sentries,
          crystal_vault_4, iron_vault_5, final_vault]

Skill      XL: |  1  2  3  4  5  6  7  8  9 10 11 12 13 14 15 |
---------------+----------------------------------------------+-----
Invocations    | 1 4 5 7 8 9 10 11 14 16 17 | 17.3
Fighting       | 5 6 7 8 9 10 12 13 16 18 20 | 20.0
Armour         | 5 6 7 8 9 11 13 15 16 18 20 | 20.5
Shields        | 7 8 9 10 11 12 13 15 17 18 21 23 | 23.2
Polearms       | 3 5 7 8 10 13 15 17 18 20 | 20.8
Dodging        | 1 2 3 4 5 6 |  6.3
Stealth        | 1 |  1.3
Ranged Weapons | 4 12 17 | 17.0

Action                     |  1- 3 |  4- 6 |  7- 9 | 10-12 | 13-15 || total
---------------------------+-------+-------+-------+-------+-------++-------
  Melee: Trident           |    34 |     7 |    51 |   149 |       ||   241
         Trishula          |       |       |       |    44 |   351 ||   395
   Fire: Longbow           |       |       |       |       |     3 ||     3
 Invoke: Slouch            |       |     1 |       |     9 |    15 ||    25
    Use: Potion            |       |       |       |       |    13 ||    13
         Scroll            |       |       |       |       |     4 ||     4
   Stab: Invisible         |       |       |       |       |    24 ||    24
         Distracted        |       |       |       |       |     1 ||     1
 Armour: Scale mail        |    25 |       |       |       |       ||    25
         Chain mail        |       |       |    24 |    31 |       ||    55
         Plate armour      |       |       |       |    26 |    28 ||    54
         Gold dragon scale |       |       |       |       |    52 ||    52
  Dodge: Dodged            |    11 |     3 |    14 |    86 |    73 ||   187
  Block: Buckler           |    16 |     1 |    26 |    75 |    36 ||   154
         Tower shield      |       |       |       |       |   162 ||   162

Table legend: (Time is in decaauts)
 A = Elapsed time spent in this place.
 B = Non-inter-level travel time spent in this place.
 C = Inter-level travel time spent in this place.
 D = Time resting spent in this place.
 E = Time spent auto-exploring this place.
 F = Levels seen in this place.
 G = Mean time per level.
                   A        B        C        D        E       F      G
               +--------+--------+--------+--------+--------+-----+--------+
         Total |   6284 |   6119 |    165 |   3326 |     68 |   1 | 6284.0 |
       Dungeon |   6284 |   6119 |    165 |   3326 |     68 |   1 | 6284.0 |
               +--------+--------+--------+--------+--------+-----+--------+

Top non-repeatable levels by time:
       D: 6284 daAuts
